 Dungeon Crawl Stone Soup version 0.31-a0-521-gc7390f8997 (webtiles) character file.

Game seed: 17348950093040610395

470 javelincjr the Trooper (level 6, -1/49 HPs)
             Began as a Demonspawn Fighter on Aug 10, 2023.
             Slain by a gnoll
             ... wielding a +0 spear
             ... led by a gnoll sergeant
              (6 damage)
             ... on level 4 of the Dungeon.
             The game lasted 00:10:42 (2615 turns).

javelincjr the Trooper (Demonspawn Fighter)         Turns: 2615, Time: 00:10:42

Health: -1/49      AC: 11    Str: 18    XL:     6   Next: 82%
Magic:  0/6        EV:  9    Int: 10    God:
Gold:   189        SH:  5    Dex: 12    Spells: 5/5 levels left

rFire   . . .        q - +0 hand crossbow (heavy)
rCold   . . .        c - +0 buckler
rNeg    . . .        b - +0 scale mail
rPois   .            (no helmet)
rElec   .            r - +1 cloak
rCorr   .            (no gloves)
SInv    .            (no boots)
Will    .....        l - amulet of guardian spirit Stlth
                     (no ring)
HPRegen 0.28/turn    (no ring)
MPRegen 0.10/turn

%: guardian spirit
@: attractive, hasted, very quick
A: slimy green scales 1, powered by pain 1, demonic magic 1
a: no special abilities


You were on level 4 of the Dungeon.
You visited 1 branch of the dungeon, and saw 4 of its levels.

You collected 189 gold pieces.

Inventory:

Hand Weapons
 a - a +0 trident
 k - a +1 dagger of speed
 p - a +2 great mace of venom
 q - a +0 heavy hand crossbow (weapon)
Missiles
 n - 6 poisoned darts
Armour
 b - a +0 scale mail (worn)
 c - a +0 buckler (worn)
 r - a +1 cloak (worn)
 v - a +0 plate armour
Jewellery
 l - an amulet of guardian spirit (around neck)
 t - an amulet of magic regeneration
Wands
 s - a wand of flame (23)
Scrolls
 g - a scroll of fear {unknown}
 h - 4 scrolls of teleportation {unknown}
 i - a scroll of immolation {unknown}
 j - 2 scrolls of vulnerability {unknown}
 m - a scroll of noise {unknown}
 o - 6 scrolls of identify {unknown}
 w - a scroll of enchant armour {unknown}
 x - a scroll of brand weapon {unknown}
Potions
 d - 2 potions of might
 e - 2 potions of curing


   Skills:
 + Level 4.5 Fighting
 - Level 3.3 Polearms
 + Level 1.1 Ranged Weapons
 + Level 4.1 Armour
 + Level 1.1 Dodging
 + Level 4.2 Shields


You had 5 spell levels left.
You didn't know any spells.
Your spell library contained the following spells:

 Spells                   Type           Power      Damage    Failure   Level
 Slow                     Hex            0%         N/A       82%         1
 Confusing Touch          Hex            0%         N/A       99%         3
 Inner Flame              Hex/Fire       0%         N/A       99%         3
 Ozocubu's Armour         Ice            0%         N/A       99%         3
 Vampiric Draining        Necr           0%         2d6       99%         3
 Yara's Violent Unravell  Hex/Tmut       0%         3d3       100%        5
 Enfeeble                 Hex            0%         N/A       100%        7
 Ozocubu's Refrigeration  Ice            0%         4d7       100%        7


Dungeon Overview and Level Annotations

Branches:
Dungeon (4/15)
 Temple: D:4-7

Altars:
Uskayaw


Innate Abilities, Weirdness & Mutations

You are partially covered in slimy green scales. (AC +2)
You sometimes gain a little power by taking damage.
Spells you cast may paralyse adjacent enemies.


Message History

Your magical effects are unravelling.
You feel magically purged.
You feel yourself slow down. The gnoll hits you but does no damage.
The gnoll completely misses you.
It was a potion of attraction.
You feel attractive to monsters. The gnoll hits you but does no damage.
The gnoll hits you from afar with a +0 spear.
* * * LOW HITPOINT WARNING * * *
You feel yourself speed up. The gnoll hits you but does no damage.
You block the gnoll's attack.
You are too injured to fight recklessly!
Unknown command.
Fire: q) +0 hand crossbow (heavy)
Press: ? - help, Q - select action, (/) - cycle Shift-Dir - straight line, f - gnoll, p - gnoll
Aim: a gnoll, wielding a +0 spear (64% to hit)
You shoot a bolt. The bolt barely misses the gnoll.
The bolt hits the gnoll!
The gnoll is severely wounded.
The gnoll misses you. x2; The gnoll hits you but does no damage.
You block the gnoll's attack.
Fire: q) +0 hand crossbow (heavy)
Press: ? - help, Q - select action, (/) - cycle Shift-Dir - straight line, f/p - gnoll
Aim: a gnoll, wielding a +0 spear (64% to hit)
You shoot a bolt. The bolt hits the gnoll!!
You kill the gnoll!
The dart slug launches a dart at you. The slug dart hits you.
* * * LOW HITPOINT WARNING * * *
The gnoll hits you but does no damage.
Fire: q) +0 hand crossbow (heavy)
Press: ? - help, Q - select action, (/) - cycle Shift-Dir - straight line, f/p - gnoll
Aim: a gnoll, wielding a +0 spear (64% to hit)
You shoot a bolt. The bolt hits the dart slug.
The dart slug is moderately wounded.
The gnoll hits you from afar with a +0 spear.
* * * LOW HITPOINT WARNING * * *
You block the gnoll's attack.
The dart slug bites you but does no damage.
The gnoll hits you from afar with a +0 spear!
You die...

#.....# ###.....#
..#.....##### .
..#.........###..
..#.....###....
.)#......#.....
..).####.#†# #.#
..#..))....###..####
..######.....##.@wg##
.## ##>.#..####gg# ..
#....#.#####g#### ...
#^..##.....# #....#
..##.....####)#.####...#
# ....#........gg##...#
.########).##.g.....#
.....######..(# .......
#...#


You could see 4 gnolls and a dart slug.

Vanquished Creatures
  A gnoll sergeant (D:4)
  An orc priest (D:4)
  A hound (D:3)
  Jessica (D:3)
  Ijyb (D:3)
  An orc wizard (D:3)
  7 gnolls
  7 adders
  3 worms
  2 dart slugs
  17 orcs
  5 endoplasms
  4 giant cockroaches
  6 hobgoblins
  10 jackals
  4 quokkas
  11 ball pythons
  9 bats
  5 frilled lizards
  7 goblins
  9 kobolds
  8 rats
120 creatures vanquished.

Vanquished Creatures (others)
  2 jackals (D:4)
2 creatures vanquished.

Grand Total: 122 creatures vanquished

Notes
Turn   | Place    | Note
-------+----------+-------------------------------------------
     0 | D:1      | javelincjr the Demonspawn Fighter began the quest for the
                  | Orb.
     0 | D:1      | Reached XP level 1. HP: 18/18 MP: 1/1
   178 | D:1      | Gained mutation: You are partially covered in slimy green
                  | scales. (AC +2) [demonic ancestry]
   178 | D:1      | Reached XP level 2. HP: 24/24 MP: 2/2
   365 | D:1      | Gained mutation: You sometimes gain a little power by
                  | taking damage. [demonic ancestry]
   365 | D:1      | Reached XP level 3. HP: 18/29 MP: 3/3
   992 | D:2      | Gained mutation: Spells you cast may paralyse adjacent
                  | enemies. [demonic ancestry]
   992 | D:2      | Reached XP level 4. HP: 14/35 MP: 2/4
  1532 | D:2      | Found a hide-covered altar of Uskayaw.
  1628 | D:3      | Noticed Jessica
  1630 | D:3      | Killed Jessica
  1664 | D:3      | Noticed Ijyb
  1676 | D:3      | Reached XP level 5. HP: 30/42 MP: 3/5
  1676 | D:3      | Killed Ijyb
  2189 | D:3      | Reached XP level 6. HP: 42/48 MP: 6/6
  2586 | D:4      | Reached skill level 1 in Ranged Weapons
  2586 | D:4      | Reached skill level 1 in Dodging
  2615 | D:4      | Slain by a gnoll

Illustrated notes

Levels and vault maps discovered:
D:1:      matt_arrival_grand_opening, layout_loops_cross
D:2:      layout_basic, basic_altar
D:3:      layout_loops_ring, minmay_close_crescents, uniq_ijyb, uniq_jessica
D:4:      layout_rooms

Skill      XL: |  1  2  3  4  5  6 |
---------------+-------------------+-----
Polearms       | 2 3 |  3.3
Armour         | 3 4 |  4.1
Shields        | 3 4 |  4.2
Fighting       | 4 |  4.5
Ranged Weapons | 1 |  1.1
Dodging        | 1 |  1.1

Action                     |  1- 3 |  4- 6 || total
---------------------------+-------+-------++-------
  Melee: Trident           |   101 |       ||   101
         Dagger            |    92 |    58 ||   150
         Hand crossbow     |       |     2 ||     2
   Fire: Hand crossbow     |       |   137 ||   137
    Use: Potion            |       |     5 ||     5
 Armour: Scale mail        |    77 |   157 ||   234
  Dodge: Dodged            |    52 |   124 ||   176
  Block: Buckler           |    30 |    74 ||   104

Table legend: (Time is in decaauts)
 A = Elapsed time spent in this place.
 B = Non-inter-level travel time spent in this place.
 C = Inter-level travel time spent in this place.
 D = Time resting spent in this place.
 E = Time spent auto-exploring this place.
 F = Levels seen in this place.
 G = Mean time per level.
                   A        B        C        D        E       F      G
               +--------+--------+--------+--------+--------+-----+--------+
         Total |   2869 |   2780 |     89 |    245 |   1600 |   4 |  717.2 |
       Dungeon |   2869 |   2780 |     89 |    245 |   1600 |   4 |  717.2 |
               +--------+--------+--------+--------+--------+-----+--------+

Top non-repeatable levels by time:
     D:3: 1051 daAuts
     D:1: 911 daAuts
     D:2: 712 daAuts
     D:4: 193 daAuts
